 Dungeon Crawl Stone Soup version 0.26-a0-682-g294304f6e8 (webtiles) character file.

Game seed: 3588839763167091917

21560 dickylongcocking the Dealer of Despair (level 12, -16/95 HPs)
             Began as a Demonspawn Ice Elementalist on Oct 21, 2020.
             Was an Elder of Kikubaaqudgha.
             Hit by a large rock thrown by a stone giant (45 damage)
             ... on level 1 of the Orcish Mines.
             The game lasted 00:23:20 (16571 turns).

dickylongcocking the Dealer of Despair (DsIE)      Turns: 16571, Time: 00:23:21

Health: -16/95     AC: 16    Str:  9    XL:     12   Next: 55%
Magic:  0/23       EV: 12    Int: 26    God:    Kikubaaqudgha [****..]
Gold:   725        SH:  7    Dex: 15    Spells: 3/25 levels left

rFire    . . .     SeeInvis .   M - +4 scimitar (pain)
rCold    + . .     Faith    +   r - +2 buckler
rNeg     . . .     Spirit   +   A - +0 steam dragon scales
rPois    .         Reflect  .   (no helmet)
rElec    +         Harm     .   s - +2 cloak
rCorr    .         Rampage  .   c - +0 pair of gloves
MR       +....                  i - +2 pair of boots {Fly}
Stlth    ++........             T - amulet of faith
HPRegen  0.25/turn              F - +6 ring of intelligence
MPRegen  0.18/turn              P - ring "Jephabri" {Ice +Blink MR+}

@: flying
A: thin metallic scales 3, fire resistance 1, magic shield, flame cloud immunity
a: Receive Corpses, Renounce Religion, Evoke Blink, Stop Flying


You were on level 1 of the Orcish Mines.
You worshipped Kikubaaqudgha.
Kikubaaqudgha was greatly pleased with you.
You visited 3 branches of the dungeon, and saw 13 of its levels.
You also visited: Gauntlet.

You collected 905 gold pieces.
You spent 180 gold pieces at shops.

Inventory:

Hand Weapons
 b - a +0 whip
 e - a +1 dagger of venom
 M - a +4 scimitar of pain (weapon)
Armour
 a - a +0 robe
 c - a +0 pair of gloves (worn)
 i - a +2 pair of boots of flying (worn)
 r - a +2 buckler (worn)
 s - a +2 cloak (worn)
 z - a +0 ring mail
 A - +0 steam dragon scales (worn)
Magical Staves
 S - an uncursed staff of earth
Jewellery
 h - a +4 ring of protection
 k - an uncursed amulet of the acrobat
 n - a +6 ring of strength
 x - an uncursed amulet of magic regeneration
 B - an uncursed ring of protection from cold
 D - an uncursed ring of resist corrosion
 F - a +6 ring of intelligence (left hand)
 K - an uncursed ring of positive energy
 P - the ring "Jephabri" (right hand) {Ice +Blink MR+}
   (You took it off a minotaur in a Gauntlet)

   [ring of ice]

   It enhances your ice magic.
   It makes you vulnerable to fire.
   It protects you from cold.
   It affects your resistance to hostile enchantments.
   It lets you blink.
 T - an amulet of faith (around neck)
Wands
 y - a wand of digging (5)
 H - a wand of flame (14)
 I - a wand of iceblast (1)
 L - a wand of paralysis (8)
 Q - a wand of polymorph (16)
 R - a wand of disintegration (7)
Scrolls
 f - 2 scrolls of random uselessness
 j - a scroll of fear {unknown}
 u - 2 scrolls of fog
 v - 2 scrolls of amnesia
 w - 3 scrolls of remove curse
 C - a scroll of blinking
 G - 2 scrolls of enchant armour
 N - 2 scrolls of teleportation
 O - a scroll of summoning {unknown}
Potions
 d - a potion of mutation
 g - 4 potions of lignification
 m - 5 potions of haste
 o - 6 potions of brilliance
 p - a potion of might
 q - 3 potions of ambrosia
 t - a potion of stabbing
 E - a potion of degeneration
 J - a potion of curing
 V - a potion of resistance {unknown}
 W - a potion of berserk rage {unknown}


   Skills:
 - Level 9.0 Fighting
 - Level 8.0 Short Blades
 - Level 1.9 Dodging
 - Level 1.9 Stealth
 * Level 3.5 Shields
 * Level 7.4 Spellcasting
 - Level 5.5 Summonings
 * Level 10.1 Necromancy
 - Level 10.0 Ice Magic


You had 3 spell levels left.
You knew the following spells:

 Your Spells              Type           Power        Failure   Level
a - Corpse Rot            Necr/Air       N/A          1%          2
b - Ozocubu's Armour      Ice            #######.     1%          3
c - Summon Ice Beast      Ice/Summ       ######..     2%          4
d - Dispel Undead         Necr           ######..     1%          4
e - Simulacrum            Ice/Necr       #######...   16%         6
f - Frozen Ramparts       Ice            ######       1%          3

Your spell library contained the following spells:

 Spells                   Type           Power        Failure   Level
 Animate Skeleton         Necr           ######       1%          1
 Freeze                   Ice            ####         1%          1
 Pain                     Necr           ####         1%          1
 Summon Small Mammal      Summ           ####         1%          1
 Call Imp                 Summ           #####...     1%          2
 Sublimation of Blood     Necr           ######....   1%          2
 Call Canine Familiar     Summ           #####...     1%          3
 Vampiric Draining        Necr           ######....   1%          3
 Foxfire                  Conj/Fire      #...         6%          1
 Summon Guardian Golem    Hex/Summ       ###.....     6%          3
 Confusing Touch          Hex            #.......     19%         3
 Conjure Flame            Conj/Fire      #.......     19%         3
 Gell's Gravitas          Tloc           #.........   19%         3
 Inner Flame              Hex/Fire       #.......     19%         3
 Animate Dead             Necr           ######....   1%          4
 Agony                    Necr           ######..     2%          5
 Excruciating Wounds      Necr           ######....   2%          5
 Hailstorm                Conj/Ice       ######..     8%          4
 Death Channel            Necr           ######....   14%         6
 Summon Lightning Spire   Summ/Air       ###.....     21%         4
 Metabolic Englaciation   Hex/Ice        ######....   22%         5
 Petrify                  Tmut/Erth      #.......     52%         4
 Sticky Flame             Conj/Fire      #.......     52%         4
 Fireball                 Conj/Fire      #.........   86%         5
 Yara's Violent Unravell  Hex/Tmut       #.........   86%         5


Dungeon Overview and Level Annotations

Branches:
Dungeon (11/15)            Temple (1/1) D:7            Lair (0/6) D:10
    Orc (1/2) D:10        Gauntlet (visited)

Altars:
Ashenzari
Cheibriados
Dithmenos
Elyvilon
Gozag
Hepliaklqana
Kikubaaqudgha
Makhleb
Nemelex Xobeh
Qazlal
Ru
Sif Muna
Trog
Uskayaw
Vehumet
Wu Jian
Xom
Yredelemnul
Zin
The Shining One

Shops:
D:8 :

Annotations:
D:9 3 runed translucent doors, grandjackal's ghost, novice DsGl


Innate Abilities, Weirdness & Mutations

You are completely covered in thin metallic scales. (AC +4, rElec)
Your flesh is heat resistant. (rF+)
When hurt, damage is shared between your health and your magic reserves.
You are immune to clouds of flame.


Message History

Unknown command.
Your icy armour cracks and falls away as you move.
The wall freezes the stone giant!
The stone giant throws a large rock.
The large rock hits you.
Things that are here:
a large rock; an orc corpse Unknown command.
Unknown command.
Casting: Frozen Ramparts (safe; 1% risk of failure)
Confirm with . or Enter, or press ? or * to list all spells.
You don't have enough magic to cast that spell.
Unknown command.
Unknown command.
Unknown command.
It was a potion of cancellation.
Your magical effects are unravelling.
You feel magically purged.
The frozen ramparts melt away.
The stone giant throws a large rock.
The large rock hits you!!!
You die...
Kikubaaqudgha rasps: "You have failed me!
Welcome... death!"

##................
###.#..........#.
#...............
##.............. #
##......>...).. #.
#..........))#. .. ..
######.#..........#
....#.#†.#####..#......##
#.....C(@...#..........#
......#†((...#.........#
....# ####...##÷.#.....##
... #.......###....# .
##.......#.....#
##.....#.......
#...#..........
##.....#.##.#.#
#.....##.#####


You could see a stone giant.

Vanquished Creatures
  A stone giant (Orc:1)
  A minotaur (Gauntlet)
  A death ooze (Gauntlet)
  A boulder beetle (D:11)
  Harold (D:8)
  2 two-headed ogres
  An unseen horror (D:11)
  An orc knight (Orc:1)
  An ugly thing (D:11)
  A cyclops (D:11)
  Maurice (D:8)
  Psyche (D:8)
  A torpor snail (Gauntlet)
  Maggie (D:6)
  A gargoyle (D:11)
  A komodo dragon (D:10)
  A queen bee (D:9)
  4 trolls
  2 slime creatures (Gauntlet)
  Sigmund (D:6)
  A shadow (D:11)
  9 yaks
  3 chaos spawn (Gauntlet)
  A neqoxec (Gauntlet)
  7 wargs (Orc:1)
  15 orc warriors
  2 black bears
  4 phantoms
  8 ogres
  An eye of draining (D:11)
  2 sky beasts
  2 necrophages
  6 centaurs
  8 wolves
  11 bullfrogs
  4 scorpions
  20 killer bees
  8 wights
  A jelly (D:7)
  An electric eel (D:10)
  3 howler monkeys (D:7)
  A quasit (D:11)
  2 bullfrog skeletons
  4 bullfrog zombies
  Crazy Yiuf (D:5)
  7 orc priests
  5 hounds
  16 orc wizards
  A centaur skeleton (D:11)
  2 iguanas
  Terence (D:2)
  5 worker ants
  2 hound skeletons
  2 howler monkey zombies
  3 gnolls (D:7)
  A worker ant zombie (D:6)
  10 adders
  A shadow imp (D:6)
  3 white imps
  3 ufetubi
  2 oozes
  2 adder zombies
  A dart slug (D:1)
  6 leopard geckos
  62 orcs
  2 ball pythons
  5 bats
  4 giant cockroaches
  10 goblins
  7 hobgoblins
  9 jackals
  2 quokkas
  5 frilled lizards
  5 kobolds
  8 rats
342 creatures vanquished.

Vanquished Creatures (collateral kills)
  An orc high priest (Orc:1)
  An orc warrior (Orc:1)
  An orc priest (D:9)
  An orc (D:9)
4 creatures vanquished.

Vanquished Creatures (others)
  7 fungi
  10 plants
17 creatures vanquished.

Grand Total: 363 creatures vanquished

Notes
Turn   | Place    | Note
-------+----------+-------------------------------------------
     0 | D:1      | dickylongcocking the Demonspawn Ice Elementalist began the
                  | quest for the Orb.
     0 | D:1      | Reached XP level 1. HP: 13/13 MP: 3/3
   349 | D:1      | Gained mutation: You are partially covered in thin metallic
                  | scales. (AC +2) [demonic ancestry]
   349 | D:1      | Reached XP level 2. HP: 18/19 MP: 0/5
   884 | D:1      | Reached XP level 3. HP: 20/24 MP: 4/6
  1011 | D:1      | Learned a level 3 spell: Frozen Ramparts
  2352 | D:2      | Noticed Terence
  2356 | D:2      | Reached skill level 1 in Short Blades
  2366 | D:2      | Killed Terence
  2366 | D:2      | Reached XP level 4. HP: 29/30 MP: 7/7
  2895 | D:3      | Found a faded altar of an unknown god.
  3008 | D:3      | Reached XP level 5. HP: 35/35 MP: 1/8
  3168 | D:3      | Reached skill level 5 in Ice Magic
  4038 | D:4      | Gained mutation: You are mostly covered in thin metallic
                  | scales. (AC +3) [demonic ancestry]
  4038 | D:4      | Reached XP level 6. HP: 41/41 MP: 5/9
  4368 | D:4      | Learned a level 3 spell: Ozocubu's Armour
  4525 | D:5      | Entered Level 5 of the Dungeon
  4656 | D:5      | Found an opulent altar of Gozag.
  4815 | D:5      | Gained mutation: Your flesh is heat resistant. (rF+)
                  | [demonic ancestry]
  4815 | D:5      | Reached XP level 7. HP: 45/46 MP: 6/10
  5418 | D:5      | Reached skill level 5 in Short Blades
  5675 | D:5      | Gained mutation: When hurt, damage is shared between your
                  | health and your magic reserves. [demonic ancestry]
  5675 | D:5      | Reached XP level 8. HP: 47/52 MP: 5/11
  6109 | D:5      | Found a runed translucent door.
  6110 | D:5      | Noticed Crazy Yiuf
  6118 | D:5      | Killed Crazy Yiuf
  6670 | D:6      | Noticed Sigmund
  6670 | D:6      | Noticed Maggie
  6679 | D:6      | Killed Sigmund
  6693 | D:6      | Killed Maggie
  6693 | D:6      | Reached XP level 9. HP: 25/57 MP: 2/12
  7292 | D:7      | Found a staircase to the Ecumenical Temple.
  7304 | Temple   | Entered the Ecumenical Temple
  7352 | Temple   | Became a worshipper of Kikubaaqudgha
  7588 | D:7      | Reached skill level 1 in Fighting
  8107 | D:7      | Reached * piety under Kikubaaqudgha
  8107 | D:7      | Identified Kikubaaqudgha's Compendium of Unholy Rites
                  | (Kikubaaqudgha gifted it to you on level 7 of the Dungeon)
  8107 | D:7      | Received a gift from Kikubaaqudgha
  8708 | D:8      | Noticed Maurice
  8722 | D:8      | Killed Maurice
  9216 | D:7      | Learned a level 4 spell: Summon Ice Beast
  9307 | D:8      | Noticed Harold
  9334 | D:8      | Killed Harold
  9334 | D:8      | Reached skill level 1 in Necromancy
  9334 | D:8      | Reached skill level 10 in Ice Magic
  9334 | D:8      | Gained mutation: You are completely covered in thin
                  | metallic scales. (AC +4, rElec) [demonic ancestry]
  9334 | D:8      | Reached XP level 10. HP: 44/73 MP: 2/13
  9541 | D:8      | Reached skill level 5 in Fighting
  9749 | D:8      | Found Zin's Purification Station.
  9750 | D:8      | Found Cong's Book Boutique.
  9751 | D:8      | Noticed Psyche
  9754 | D:8      | Found a glowing silver altar of Zin.
  9767 | D:8      | Killed Psyche
  9767 | D:8      | Reached ** piety under Kikubaaqudgha
  9817 | D:8      | Bought 2 potions of curing for 180 gold pieces
 10165 | D:9      | Noticed a two-headed ogre
 10184 | D:9      | Killed a two-headed ogre
 10498 | D:9      | Reached skill level 5 in Necromancy
 10639 | D:9      | Reached skill level 5 in Summonings
 11112 | D:9      | Found a runed translucent gate.
 11112 | D:9      | Found a runed translucent gate.
 11114 | D:9      | Found a runed translucent gate.
 11117 | D:9      | Noticed grandjackal's ghost (novice DsGl)
 11329 | D:9      | Reached XP level 11. HP: 82/84 MP: 11/14
 11489 | D:10     | Entered Level 10 of the Dungeon
 11500 | D:10     | Noticed a two-headed ogre
 11512 | D:10     | Killed a two-headed ogre
 11660 | D:10     | Reached *** piety under Kikubaaqudgha
 11660 | D:10     | Identified Kikubaaqudgha's Catalogue of Evil Magic
                  | (Kikubaaqudgha gifted it to you on level 10 of the Dungeon)
 11660 | D:10     | Received a gift from Kikubaaqudgha
 11679 | D:10     | Learned a level 4 spell: Dispel Undead
 12056 | D:10     | Found a staircase to the Lair.
 12084 | D:10     | Found a staircase to the Orcish Mines.
 12367 | D:11     | Noticed a purple ugly thing
 12402 | D:11     | Identified a scroll of acquirement
 12402 | D:11     | Acquired a +2 pair of boots of flying
 12568 | D:11     | Found a gate leading to a gauntlet.
 12602 | Gauntlet | Entered a Gauntlet
 12602 | Gauntlet | Found a transporter.
 12614 | Gauntlet | Found a transporter.
 12622 | Gauntlet | Found a transporter.
 12624 | Gauntlet | Found a transporter.
 12632 | Gauntlet | Found a transporter.
 12651 | Gauntlet | Noticed a great orb of eyes
 12652 | Gauntlet | Noticed a brown ugly thing
 12655 | Gauntlet | Found a transporter.
 12662 | Gauntlet | Noticed a death ooze
 12663 | Gauntlet | Found a transporter.
 12667 | Gauntlet | Found a runed translucent door.
 12672 | Gauntlet | Noticed a ghost crab
 12674 | Gauntlet | Found a transporter.
 12694 | Gauntlet | Found a transporter.
 12709 | Gauntlet | Found a transporter.
 12709 | Gauntlet | Found a transporter.
 12774 | Gauntlet | Found a transporter.
 12774 | Gauntlet | Found a transporter.
 12787 | Gauntlet | Found a transporter.
 12883 | Gauntlet | Learned a level 2 spell: Corpse Rot
 13237 | Gauntlet | Killed a death ooze
 13379 | Gauntlet | Got an ancient cloak
 13389 | Gauntlet | Identified the cursed -2 cloak "Otac" {Str+4} (You found it
                  | in a Gauntlet)
 13407 | Gauntlet | Identified the ring "Jephabri" {Ice +Blink MR+}
 13407 | Gauntlet | Noticed a minotaur
 13418 | Gauntlet | Killed a minotaur
 13418 | Gauntlet | Reached skill level 5 in Spellcasting
 13902 | D:11     | Noticed a boulder beetle
 13917 | D:11     | Killed a boulder beetle
 14285 | D:11     | Reached **** piety under Kikubaaqudgha
 14352 | D:11     | Gained mutation: You are immune to clouds of flame.
                  | [demonic ancestry]
 14352 | D:11     | Reached XP level 12. HP: 81/95 MP: 12/20
 14361 | D:11     | Learned a level 6 spell: Simulacrum
 15012 | D:11     | Reached skill level 1 in Shields
 15320 | Orc:1    | Entered Level 1 of the Orcish Mines
 15336 | Orc:1    | Noticed an orc high priest
 15352 | Orc:1    | Killed an orc high priest
 15497 | Orc:1    | Noticed a stone giant
 15522 | Orc:1    | Killed a stone giant
 15969 | Orc:1    | Reached skill level 10 in Necromancy
 16561 | Orc:1    | Noticed a stone giant
 16571 | Orc:1    | Hit by a large rock thrown by a stone giant

Illustrated notes

Levels and vault maps discovered:
D:1:      heliophobic_arrival_enchanted_forest, layout_loops_ring
D:2:      layout_basic, uniq_terence
D:3:      layout_loops_corners, chequers_ecumenical_altar_simple
D:4:      layout_basic
D:5:      layout_basic, nicolae_gozag_cash_rules_everything_around_me,
          uniq_crazy_yiuf_cottage
D:6:      layout_rooms, serial_glass, glass_columns_b, glass_columns_b,
          uniq_maggie, uniq_sigmund
D:7:      layout_loops_corners, temple_fountains
D:8:      layout_rooms, zin_purify, serial_shops, shop, uniq_harold,
          uniq_maurice, uniq_psyche
D:9:      layout_roguey, gammafunk_ghost_spectres, minivault_7
D:10:     layout_cave_pools, grunt_lair_entry_orc_guard_hut, nrook_pool_corridor
D:11:     layout_roguey, gauntlet_entry_generic
Temple:   nicolae_temple_the_god_donut
Orc:1:    layout_caves, mines5_lemuel

Skill      XL: |  1  2  3  4  5  6  7  8  9 10 11 12 |
---------------+-------------------------------------+-----
Ice Magic      | 4 5 6 7 8 10 | 10.0
Short Blades   | 1 2 3 4 5 7 8 |  8.0
Fighting       | 4 7 9 |  9.0
Summonings     | 2 5 |  5.5
Necromancy     | 1 5 8 10 | 10.1
Spellcasting   | 5 7 |  7.4
Shields        | 3 |  3.5
Dodging        | |  1.9
Stealth        | |  1.9

Action                   |  1- 3 |  4- 6 |  7- 9 | 10-12 || total
-------------------------+-------+-------+-------+-------++-------
Melee: Whip              |    34 |       |       |       ||    34
       Dagger            |    55 |    90 |   532 |   134 ||   811
       Scimitar          |       |       |       |   292 ||   292
       Staff             |       |       |       |    11 ||    11
 Cast: Freeze            |    25 |       |     3 |       ||    28
       Frozen Ramparts   |     5 |    14 |    41 |    58 ||   118
       Ozocubu's Armour  |       |       |    11 |    10 ||    21
       Summon Ice Beast  |       |       |       |     6 ||     6
       Dispel Undead     |       |       |       |     7 ||     7
       Corpse Rot        |       |       |       |     1 ||     1
       Simulacrum        |       |       |       |     9 ||     9
Invok: Receive Corpses   |       |       |       |     5 ||     5
Evoke: Wand              |       |       |       |    22 ||    22
  Use: Scroll            |     4 |     1 |       |    19 ||    24
       Potion            |       |       |     3 |     9 ||    12
 Stab: Sleeping          |     2 |     3 |     2 |     1 ||     8
       Distracted        |       |     1 |       |     1 ||     2
       Invisible         |       |       |     2 |       ||     2
       Paralysed         |       |       |       |     1 ||     1
Armor: Robe              |    30 |    41 |    71 |       ||   142
       Ring mail         |       |       |     3 |       ||     3
       Steam dragon scal |       |       |   122 |   286 ||   408
       Skin              |       |       |       |     4 ||     4
Dodge: Dodged            |    81 |    53 |   238 |   341 ||   713
Block: Buckler           |       |       |       |   131 ||   131
       Rpst.: Scimitar   |       |       |       |    67 ||    67

Table legend: (Time is in decaauts)
 A = Elapsed time spent in this place.
 B = Non-inter-level travel time spent in this place.
 C = Inter-level travel time spent in this place.
 D = Time resting spent in this place.
 E = Time spent auto-exploring this place.
 F = Levels seen in this place.
 G = Mean time per level.
                   A        B        C        D        E       F      G
               +--------+--------+--------+--------+--------+-----+--------+
         Total |  16373 |  15918 |    455 |   2126 |  10957 |  14 | 1169.5 |
       Dungeon |  13986 |  13554 |    432 |   1539 |   9681 |  11 | 1271.5 |
        Temple |     72 |     49 |     23 |      0 |     32 |   1 |   72.0 |
  Orcish Mines |   1262 |   1262 |      0 |    166 |    883 |   1 | 1262.0 |
      Gauntlet |   1051 |   1051 |      0 |    421 |    361 |   1 | 1051.0 |
               +--------+--------+--------+--------+--------+-----+--------+

Top non-repeatable levels by time:
     D:7: 1953 daAuts
    D:11: 1814 daAuts
     D:5: 1708 daAuts
     D:1: 1589 daAuts
     D:9: 1391 daAuts
   Orc:1: 1262 daAuts
     D:2: 1243 daAuts
Gauntlet: 1051 daAuts
    D:10: 997 daAuts
     D:3: 888 daAuts
     D:6: 817 daAuts
     D:4: 791 daAuts
     D:8: 790 daAuts
  Temple: 72 daAuts
